 Dungeon Crawl Stone Soup version 0.28.0-49-g6dfe1f597d (webtiles) character file.

Game seed: 18399516220494796445

10402 Atelerd the Thaumaturge (level 11, -4/70 HPs)
             Began as an Octopode Earth Elementalist on May 15, 2022.
             Was an Initiate of Sif Muna.
             Killed from afar by an acid dragon (25 damage)
             ... with a splash of acid
             ... on level 11 of the Dungeon.
             The game lasted 00:19:51 (15185 turns).

Atelerd the Thaumaturge (OpEE)                     Turns: 15185, Time: 00:19:52

Health: -4/70      AC:  1    Str: 12 (14) XL:     11   Next: 61%
Magic:  21/27      EV: 14    Int: 25 (28) God:    Sif Muna [......]
Gold:   561        SH:  5    Dex: 10 (12) Spells: 20/34 levels left

rFire   . . .      SeeInvis .   B - +1 dagger (venom)
rCold   . . .      Faith    .   (no shield)
rNeg    + + .      Spirit   .   (helmet restricted)
rPois   .          Reflect  +   G - amulet "Xuzur" {Reflect Fly rN+ Will+ SH+5}
rElec   .          Harm     .   n - +6 ring of intelligence
rCorr   .          Rampage  .   g - ring of willpower
Will    ++...      Clarity  +   t - +4 ring of slaying
Stlth   ++++......              x - +6 ring of strength
HPRegen 0.21/turn               A - ring of positive energy
MPRegen 0.20/turn               (no ring)
                                (no ring)
                                (no ring)

@: mighty, flying
A: almost no armour, amphibious, 8 rings, camouflage 1, gelatinous body 1,
(nimble swimmer 1), tentacles, clarity, robust 1, no potion heal 1
a: Renounce Religion


You were on level 11 of the Dungeon.
You worshipped Sif Muna.
Sif Muna was noncommittal.
You visited 2 branches of the dungeon, and saw 12 of its levels.
You also visited: Sewer.

You collected 561 gold pieces.

Inventory:

Hand Weapons
 d - a +0 dagger
 B - a +1 dagger of venom (weapon)
Missiles
 b - 168 stones
Jewellery
 g - a ring of willpower (right tentacle)
 n - a +6 ring of intelligence (left tentacle)
 t - a +4 ring of slaying (on tentacle)
 x - a +6 ring of strength (on tentacle)
 A - a ring of positive energy (on tentacle)
 G - the amulet "Xuzur" (around mantle) {Reflect Fly rN+ Will+ SH+5}
   (You took it off a deep elf pyromancer on level 11 of the Dungeon)

   [amulet of reflection]

   It reflects blocked missile attacks.
   rN:        It protects you from negative energy.
   Fly:       It grants you flight.
   SH:        It affects your SH (+5).
   Will:      It increases your willpower.
Wands
 s - a wand of paralysis (8)
 w - a wand of iceblast (8)
 E - a wand of flame (8)
Scrolls
 a - a scroll of blinking
 c - 3 scrolls of teleportation
 h - a scroll of fear {unknown}
 i - 4 scrolls of immolation
 k - a scroll of noise {unknown}
 l - 2 scrolls of vulnerability {unknown}
 m - 2 scrolls of enchant armour {unknown}
 q - 5 scrolls of fog {unknown}
 r - a scroll of magic mapping {unknown}
 u - 8 scrolls of identify {unknown}
 y - a scroll of enchant weapon {unknown}
 D - a scroll of brand weapon {unknown}
 F - a scroll of torment {unknown}
 H - a scroll of holy word {unknown}
Potions
 e - 2 potions of lignification {unknown}
 f - 4 potions of degeneration
 j - a potion of mutation
 o - a potion of invisibility {unknown}
 p - a potion of heal wounds
 v - 2 potions of might
 z - 2 potions of curing {unknown}
 C - a potion of haste {unknown}


   Skills:
 - Level 2.0 Fighting
 + Level 2.9 Short Blades
 + Level 4.5 Dodging
 - Level 6.0 Stealth
 + Level 12.4 Spellcasting
 + Level 1.8 Conjurations
 * Level 5.5 Transmutations
 * Level 8.3 Earth Magic
 + Level 2.0 Invocations


You had 20 spell levels left.
You knew the following spells:

 Your Spells              Type           Power      Damage    Failure   Level
a - Sandblast             Erth           100%       2d20      1%          1
b - Stone Arrow           Conj/Erth      82%        3d12      1%          3
c - Statue Form           Tmut/Erth      33%        N/A       34%         6
p - Petrify               Tmut/Erth      50%        N/A       2%          4

Your spell library contained the following spells:

 Spells                   Type           Power      Damage    Failure   Level
 Magic Dart               Conj           96%        1d7       1%          1
 Passwall                 Tmut/Erth      41%        N/A       1%          2
 Searing Ray              Conj           48%        2d6       2%          2
 Corpse Rot               Necr/Air       30%        N/A       6%          2
 Poisonous Vapours        Pois/Air       30%        N/A       6%          2
 Sublimation of Blood     Necr           15%        N/A       6%          2
 Irradiate                Conj/Tmut      16%        3d19      24%         5
 Fulminant Prism          Conj/Hex       10%        3d9       26%         4
 Metabolic Englaciation   Hex/Ice        7%         N/A       71%         5


Dungeon Overview and Level Annotations

Branches:
Dungeon (11/15)            Temple (1/1) D:5             Orc (0/2) D:9
  Sewer (visited)
   Lair: D:8-11

Altars:
Ashenzari
Cheibriados
Dithmenos
Elyvilon
Fedhas
Gozag
Hepliaklqana
Kikubaaqudgha
Makhleb
Nemelex Xobeh
Okawaru
Qazlal
Ru
Sif Muna
Trog
Uskayaw
Vehumet
Wu Jian
Xom
Yredelemnul
Zin
The Shining One

Shops:
D:1 [   D:2 (

Annotations:
D:3 2 transporters, exclusion: 2 downstairs, glosham's ghost, weakling DjCA
D:4 Edmund
D:5 exclusion: downstairs
D:8 exclusion: 2 downstairs
D:9 exclusion: 2 downstairs


Innate Abilities, Weirdness & Mutations

You cannot wear most types of armour.
You are amphibious.
You can wear up to eight rings at the same time.
Your skin changes colour to match your surroundings (Stealth+).
Your rubbery body absorbs attacks. (AC +1, EV +1)
((You are camouflaged when in or above water. (Stealth+)))
You have tentacles for arms and can constrict up to eight enemies at once.
You possess an exceptional clarity of mind.
You are robust. (+10% HP)
Potions are less effective at restoring your health.


Message History

Okay, then.
Blink to where?
Press: ? - help, Dir - move target, p - orc wizard
As you read the scroll of blinking, it crumbles to dust.
It was a potion of mutation.
You feel extremely strange.
Your system partially rejects the healing effects of potions.
You feel robust.
Your thoughts seem clearer.
It was a potion of heal wounds.
Your system partially rejects the healing.
You feel much better.
Casting: Sandblast (safe; 1% risk of failure)
Confirm with . or Enter, or press ? or * to list all spells.
Aiming: Stone Arrow (safe; 1% risk of failure)
Press: ? - help, Shift-Dir - straight line, f - orc
Aim: an orc, wielding a +0 club and wearing a +0 ring mail (79% to hit)
Okay, then.
Casting: Stone Arrow (safe; 1% risk of failure)
Confirm with . or Enter, or press ? or * to list all spells.
Aiming: Stone Arrow (safe; 1% risk of failure)
Press: ? - help, Shift-Dir - straight line, f - orc
Aim: an orc, wielding a +0 club and wearing a +0 ring mail (79% to hit)
The stone arrow hits the orc!
You kill the orc!
Sif Muna accepts your kill.
Okay, then.
Unknown command.
As you read the scroll of teleportation, it crumbles to dust.
You feel strangely unstable.
You feel yourself speed up.
Your surroundings suddenly seem different.
Casting: Stone Arrow (safe; 1% risk of failure)
Confirm with . or Enter, or press ? or * to list all spells.
Aiming: Petrify (dangerous; 2% risk of failure)
Press: ? - help, Shift-Dir - straight line, f - acid dragon
Aim: an acid dragon (wandering, hasn't noticed you, chance to affect: 71%)
The acid dragon roars!
The acid dragon is moving more slowly.
The acid dragon spits acid at you. The splash of acid hits you!!
You die...

..##......#...........# #..#
..#......###..........###..#.#
............................#
##......#........)....###.#.#
##.........#..........^....#.#
.#......>.........####.......####
.......).###.......# ##.#.......#
.........# #.......####..........
.)..##.### #....@.......#........
.)))..<# ##........####........
.......# #...............W.....
..##...........###...####........
.#.............# #.#D...#........
#..##........#.# #.####.#........
).###.....##.#..##.# #....D.....
## ......##.....#.######........
......# #.......# #........


You could see an acid dragon (petrifying, catching breath).

Vanquished Creatures
  A two-headed ogre (D:11)
  A deep elf pyromancer (D:11)
  Maggie (D:6)
  3 kobold demonologists
  A troll (D:10)
  Prince Ribbit (D:7)
  3 hornets
  A vampire (D:10)
  17 yaks
  A steam dragon (D:6)
  An acid dragon (D:7)
  3 water moccasins
  A black bear (D:7)
  3 ogres
  5 orc warriors
  2 ice beasts
  3 centaurs
  4 phantoms
  A kobold brigand (D:9)
  4 bullfrogs
  2 gnoll sergeants
  2 scorpions (D:5)
  A wyvern skeleton (D:4)
  A water moccasin skeleton (D:6)
  5 killer bees (D:9)
  2 howler monkeys
  A bullfrog zombie (D:6)
  A centaur skeleton (D:6)
  3 orc priests
  5 centaur zombies
  A hound (D:6)
  4 jellies
  2 bullfrog skeletons
  3 iguanas
  Terence (D:3)
  11 orc wizards
  A scorpion zombie (D:5)
  A killer bee zombie (D:5)
  A hound zombie (D:5)
  A hound skeleton (D:2)
  A howler monkey zombie (D:7)
  11 gnolls
  A howler monkey skeleton (D:5)
  6 adders
  A shadow imp (D:6)
  An adder zombie (D:5)
  3 worms
  A dart slug (D:2)
  57 orcs
  14 ball pythons
  11 endoplasms
  10 giant cockroaches
  6 goblins
  9 hobgoblins
  14 kobolds
  15 quokkas
  8 bats
  15 frilled lizards
  5 rats
295 creatures vanquished.

Vanquished Creatures (others)
  2 plants (D:5)
2 creatures vanquished.

Grand Total: 297 creatures vanquished

Notes
Turn   | Place    | Note
-------+----------+-------------------------------------------
     0 | D:1      | Atelerd the Octopode Earth Elementalist began the quest for
                  | the Orb.
     0 | D:1      | Reached XP level 1. HP: 11/11 MP: 3/3
   234 | D:1      | Reached XP level 2. HP: 17/17 MP: 3/5
   280 | D:1      | Found Biajour's Antique Armour Emporium.
   853 | D:1      | Reached XP level 3. HP: 20/21 MP: 2/6
   993 | D:1      | Found a faded altar of an unknown god.
  1428 | D:2      | Reached XP level 4. HP: 24/27 MP: 3/8
  1780 | D:2      | Found Ocykis's Weapon Shop.
  2448 | D:3      | Found a transporter.
  2449 | D:3      | Noticed glosham's ghost (weakling DjCA)
  2454 | D:3      | Reached skill level 3 in Spellcasting
  2454 | D:3      | Identified the +5 great mace "Asaxic" {flame, rN+ Str+2
                  | SInv}
  2454 | D:3      | Noticed an ogre
  2456 | D:3      | Noticed an ogre
  2535 | D:3      | Found a transporter.
  2791 | D:3      | Found an ornate altar of the Wu Jian Council.
  2817 | D:3      | Reached XP level 5. HP: 31/31 MP: 6/9
  3348 | D:3      | Noticed Terence
  3426 | D:4      | Learned a level 4 spell: Petrify
  3616 | D:4      | Noticed an ogre
  3855 | D:4      | Reached XP level 6. HP: 36/36 MP: 9/11
  3950 | D:4      | Noticed Edmund
  4340 | D:3      | Killed Terence
  4674 | D:4      | Reached XP level 7. HP: 29/41 MP: 4/12
  5007 | D:5      | Entered Level 5 of the Dungeon
  5023 | D:5      | Reached skill level 4 in Spellcasting
  5105 | D:5      | Reached skill level 1 in Short Blades
  5105 | D:5      | Reached skill level 5 in Earth Magic
  5166 | D:5      | Found a glowing drain.
  5188 | Sewer    | Entered a sewer
  5760 | Sewer    | Reached skill level 5 in Stealth
  6040 | D:5      | Reached XP level 8. HP: 46/46 MP: 6/14
  6124 | D:5      | Reached skill level 5 in Transmutations
  6211 | D:5      | Found a staircase to the Ecumenical Temple.
  6216 | D:5      | Reached skill level 5 in Spellcasting
  6226 | Temple   | Entered the Ecumenical Temple
  7030 | D:6      | Learned a level 3 spell: Stone Arrow
  7325 | D:6      | Noticed Maggie
  7334 | D:6      | Killed Maggie
  7335 | D:6      | Reached skill level 6 in Spellcasting
  7335 | D:6      | Reached XP level 9. HP: 51/51 MP: 4/18
  7713 | D:6      | Reached skill level 1 in Fighting
  8003 | D:6      | Noticed a hornet
  8008 | D:6      | Killed a hornet
  8622 | D:7      | Reached skill level 7 in Spellcasting
  9520 | D:7      | Noticed Prince Ribbit
  9532 | D:7      | Killed Prince Ribbit
  9533 | D:7      | Reached skill level 8 in Spellcasting
  9533 | D:7      | Reached XP level 10. HP: 51/60 MP: 6/22
 10971 | D:9      | Reached skill level 9 in Spellcasting
 11036 | D:9      | Found a staircase to the Orcish Mines.
 11444 | D:9      | Reached skill level 10 in Spellcasting
 12514 | D:10     | Entered Level 10 of the Dungeon
 12514 | D:10     | Noticed a kobold demonologist
 12514 | D:10     | Noticed a kobold demonologist
 12520 | D:9      | Killed a kobold demonologist
 12521 | D:9      | Reached skill level 11 in Spellcasting
 12858 | D:10     | Reached XP level 11. HP: 35/64 MP: 3/26
 13147 | D:10     | Reached skill level 12 in Spellcasting
 13501 | D:10     | Found a shimmering blue altar of Sif Muna.
 13601 | D:10     | Became a worshipper of Sif Muna the Loreminder
 14117 | D:9      | Reached skill level 1 in Invocations
 14130 | D:9      | Reached skill level 1 in Conjurations
 14139 | D:9      | Learned a level 6 spell: Statue Form
 14759 | D:11     | Noticed a two-headed ogre
 14765 | D:11     | Killed a two-headed ogre
 14888 | D:11     | Identified the amulet "Xuzur" {Reflect Fly rN+ Will+ SH+5}
 14888 | D:11     | Noticed a deep elf pyromancer
 14896 | D:11     | Killed a deep elf pyromancer
 15180 | D:11     | Gained mutation: Potions are less effective at restoring
                  | your health. [potion of mutation]
 15180 | D:11     | Gained mutation: You are robust. (+10% HP) [potion of
                  | mutation]
 15180 | D:11     | Gained mutation: You possess an exceptional clarity of
                  | mind. [potion of mutation]
 15185 | D:11     | Killed from afar by an acid dragon

Illustrated notes

Levels and vault maps discovered:
D:1:      co_arrival_random_square_maze, layout_basic, serial_shops,
          nicolae_shop_competitors_out_of_business,
          dreamdust_ecumenical_altar_angels_and_demons, chequers_mini_garden,
          minmay_hedge_maze, hangedman_abyss_or_decor_stabs
D:2:      layout_basic, serial_shops, nicolae_shop_bloodbath_and_beyond
D:3:      layout_basic, nicolae_wu_jian_wuxing_cycle, gammafunk_ghost_smash,
          patterned_corridor, uniq_terence
D:4:      layout_loops_ring, uniq_edmund
D:5:      layout_cave_pools, minmay_temple_entry_overgrown, portal_sewer_entry_f
D:6:      layout_loops_cross, uniq_maggie
D:7:      layout_basic, serial_co_window_serial, co_window_paths_a,
          co_window_paths_a, co_window_of_opportunity_a, co_window_paths_a,
          co_window_paths_a, co_window_paths_b, co_window_paths_a,
          co_window_cross_4, co_window_broadway_c, co_window_broadway_b,
          co_window_2corner, uniq_prince_ribbit1
D:8:      layout_basic
D:9:      layout_basic, orc_0_dummy, special_room [special_room_orc]
D:10:     layout_basic, lemuel_blue_sif_altar
D:11:     layout_rooms, erik_lair_orcish_takeover
Temple:   mainiacjoe_temple_cubbyholes

Skill      XL: |  1  2  3  4  5  6  7  8  9 10 11 |
---------------+----------------------------------+-----
Transmutations | 2 3 4 5 |  5.5
Earth Magic    | 4 5 7 8 |  8.3
Spellcasting   | 3 4 6 8 11 12 | 12.4
Stealth        | 3 4 5 6 |  6.0
Short Blades   | 2 |  2.9
Fighting       | 2 |  2.0
Dodging        | 4 |  4.5
Invocations    | 2 |  2.0
Conjurations   | 1 |  1.8

Action                   |  1- 3 |  4- 6 |  7- 9 | 10-12 || total
-------------------------+-------+-------+-------+-------++-------
Melee: Unarmed           |     8 |       |       |       ||     8
       Constrict         |    10 |    16 |    33 |    24 ||    83
       Tentacles         |     7 |    14 |    33 |    39 ||    93
       Dagger            |    21 |    62 |   146 |   141 ||   370
       Punch             |     2 |       |     2 |     2 ||     6
 Cast: Sandblast         |    43 |    73 |    52 |    40 ||   208
       Petrify           |       |     3 |    29 |    62 ||    94
       Stone Arrow       |       |       |    30 |    49 ||    79
Evoke: Wand              |       |       |     1 |       ||     1
  Use: Scroll            |       |       |     3 |     3 ||     6
       Potion            |       |       |       |     4 ||     4
 Stab: Sleeping          |     1 |     2 |    16 |     7 ||    26
       Petrified         |       |    14 |    41 |    67 ||   122
       Petrifying        |       |       |     1 |     6 ||     7
       Paralysed         |       |       |     1 |       ||     1
Armor: Skin              |     3 |     2 |     9 |     6 ||    20
Dodge: Dodged            |    28 |    43 |    92 |    98 ||   261
Block: Other             |       |       |       |     2 ||     2
